 Dungeon Crawl Stone Soup version 0.17.1-3-g152610e (webtiles) character file.

13318 kaze the Spear-Bearer (level 11, -9/89 HPs)
             Began as a Demonspawn Berserker on Mar 9, 2016.
             Was a High Priest of Trog.
             Splashed by a jelly's acid (10 damage)
             ... on level 12 of the Dungeon.
             The game lasted 00:35:58 (14089 turns).

kaze the Spear-Bearer (Demonspawn Berserker)       Turns: 14089, Time: 00:36:01

Health: -9/89      AC: 24    Str: 21    XL:     11   Next: 74%
Magic:  12/12      EV: 10    Int: 19    God:    Trog [*****.]
Gold:   347        SH:  0    Dex: 13    Spells: 0 memorised, 10 levels left

rFire  + . .     SeeInvis .     c - +5 spear "Wihiniosh" {flame, Int+9}
rCold  + . .     Clarity  .     d - +6 chain mail
rNeg   . . .     SustAt   +     (no shield)
rPois  +         Gourm    .     (no helmet)
rElec  .         Spirit   .     z - +0 cloak
rCorr  .         Warding  .     o - +0 pair of gloves
rMut   .         Stasis   .     (no boots)
MR     +....                    A - amulet of rage
Stlth  +.........               l - ring of poison resistance
                                k - ring of sustain attributes

@: exhausted, slowed, very slow, somewhat resistant to hostile enchantments,
very unstealthy
A: claws 1, icy blue scales 3, clever 1, demonic guardian 2, fire resistance 1,
high mp 1, magic resistance 1, nightstalker 1, sense surroundings 2
a: Berserk, Trog's Hand, Brothers in Arms, Burn Spellbooks, Renounce Religion,
Evoke Berserk Rage


You were on level 12 of the Dungeon.
You worshipped Trog.
Trog was extremely pleased with you.
You were very full.

You visited 1 branch of the dungeon, and saw 12 of its levels.
You also visited: Ossuary.

You collected 654 gold pieces.
You spent 307 gold pieces at shops.

Inventory:

Hand Weapons
 a - a +3 spear
 c - the +5 spear "Wihiniosh" (weapon) {flame, Int+9}
   (You found it on level 7 of the Dungeon)

   It has been specially enchanted to burn those struck by it, causing extra
   injury to most foes and up to half again as much damage against particularly
   susceptible opponents.
   It affects your intelligence (+9).
 E - the +6 longbow of the Equinox {speed, rPois}
   (Trog gifted it to you on level 10 of the Dungeon)

   Attacks with this weapon are significantly faster.
   It protects you from poison.
Missiles
 j - 4 tomahawks of returning
 t - 2 javelins
 u - 18 tomahawks (quivered)
 G - 17 arrows of frost
 H - 57 arrows
Armour
 d - a +6 chain mail (worn)
 o - a +0 pair of gloves (worn)
 z - a +0 cloak (worn)
Jewellery
 k - a ring of sustain attributes (left hand)
 l - a ring of poison resistance (right hand)
 y - a +3 ring of strength {unknown}
 A - an amulet of rage (around neck)
Wands
 D - a wand of flame (3)
Scrolls
 f - 3 scrolls of remove curse
 h - a scroll of noise {unknown}
 m - 2 scrolls of teleportation
 n - a scroll of identify
 p - 3 scrolls of magic mapping
 I - a scroll of fog {unknown}
Potions
 b - a potion of agility
 e - a potion of resistance {unknown}
 g - 4 potions of curing
 q - 2 potions of brilliance
 r - a potion of might
 x - a potion of lignification
Miscellaneous
 v - a plain deck of defence {the Elixir}
 J - a legendary deck of changes
Comestibles
 i - 2 royal jellies
 s - a beef jerky
 w - 5 bread rations
 F - 7 fruits


   Skills:
 + Level 9.0 Fighting
 + Level 10.2 Polearms
 + Level 0.3 Throwing
 + Level 9.9 Armour
 + Level 6.5 Dodging
 + Level 4.4 Stealth


You had 10 spell levels left.
You didn't know any spells.

Dungeon Overview and Level Annotations

Branches:
Dungeon (12/15)            Temple (0/1) D:4            Lair (0/8) D:10
    Orc (0/4) D:10

Altars:
Ashenzari
Dithmenos
Elyvilon
Fedhas
Gozag
Vehumet
Zin
The Shining One

Shops:
D:9 *   D:10 (


Innate Abilities, Weirdness & Mutations

You have sharp fingernails.
You are completely covered in icy blue scales (AC +4, EV -1, rC+).
A demonic guardian rushes to your aid.
You are slightly more attuned to the shadows.
Your mind is acute. (Int +2)
Your flesh is heat resistant.
You have an increased reservoir of magic (+10% MP).
You are resistant to hostile enchantments.
You passively map the area around you.


Message History

The orc hits you but does no damage.
The orc priest invokes the aid of Beogh against you.
Something smites you!
* * * LOW HITPOINT WARNING * * *
You closely miss the orc.
The orc is almost dead.
The orc hits you but does no damage.
You hit the orc. You burn the orc.
You kill the orc!
Trog accepts your kill.
You barely miss the jelly.
You hear a slurping noise.
The jelly closely misses you.
You hit the jelly. You burn the jelly.
Your hands burn!
* * * LOW HITPOINT WARNING * * *
The jelly is moderately wounded.
The jelly hits you.
* * * LOW HITPOINT WARNING * * *
You are splashed with acid!
The acid burns!
You die...

,
,........##.######..
, , , .....o..)[)..#
.... , ,
.......)[#)#.#
.#..#[
.......#.#.#.#
...##.#* ,
.(.....#...#.# #.#*
# ......)#...#.# * ,
,,......oo..)#..,
*#....#J#..>###**
#.####@###.# , ,* #.
#.....# * * , ,,,
#............ ***
###.........# , *
#..........# *
*##.........# *
........... *
............ ** , ,
, , *


You could see a jelly and 2 orc priests.

Vanquished Creatures
  A hydra (D:11)
  A tengu warrior (D:10)
  Pikel (D:4)
  4 hill giants
  An ugly thing (D:11)
  A centaur skeleton (D:10)
  5 trolls
  A two-headed ogre (D:10)
  A trapdoor spider (D:11)
  A wyvern (D:12)
  7 yaks
  A wraith (D:11)
  A hippogriff (D:10)
  A hungry ghost (D:9)
  Duvessa (D:7)
  9 orc warriors
  5 ice beasts
  2 sky beasts
  2 black bears
  7 ogres
  A phantom (D:9)
  A necrophage (D:7)
  9 centaurs
  A big kobold (D:8)
  3 water moccasin zombies (Ossuary)
  2 giant frogs (D:6)
  3 scorpions
  9 wights
  4 crimson imps
  3 jellies
  A quasit (D:4)
  8 orc priests
  4 giant frog skeletons
  Crazy Yiuf (D:5)
  4 hounds
  13 worker ants
  An iguana (D:5)
  Terence (D:2)
  19 orc wizards
  A killer bee zombie (D:8)
  A hound zombie (D:8)
  3 mummies
  Robin (D:4)
  11 adders
  3 shadow imps
  An ooze (D:2)
  4 adder zombies
  2 worms (D:3)
  6 giant geckos
  55 orcs
  2 ball pythons
  6 giant cockroaches
  4 gnoll zombies (Ossuary)
  17 goblins
  6 hobgoblins
  7 jackals
  2 quokkas
  5 bats
  A giant gecko zombie (D:8)
  9 giant newts
  7 hobgoblin zombies
  9 kobolds
  4 kobold zombies (Ossuary)
  3 orc zombies
  6 rats
317 creatures vanquished.

Vanquished Creatures (collateral kills)
  A centaur skeleton (D:10)
  6 yaks
  A centaur (D:5)
  A giant frog (D:6)
  Dowan (D:7)
  A water moccasin zombie (Ossuary)
  A wight (D:6)
  A quasit (D:10)
  Natasha (twice) (D:2)
15 creatures vanquished.

Vanquished Creatures (others)
  A worker ant (D:4)
  A giant newt (D:4)
2 creatures vanquished.

Grand Total: 334 creatures vanquished

Notes
Turn   | Place    | Note
--------------------------------------------------------------
     0 | D:1      | kaze the Demonspawn Berserker began the quest for the Orb.
     0 | D:1      | Reached XP level 1. HP: 18/18 MP: 1/1
   381 | D:1      | Gained mutation: A weak demonic guardian rushes to your aid. [demonic ancestry]
   381 | D:1      | Reached XP level 2. HP: 24/24 MP: 2/2
   632 | D:2      | Noticed Terence
   637 | D:2      | Killed Terence
   637 | D:2      | Gained mutation: You are partially covered in icy blue scales (AC +1). [demonic ancestry]
   637 | D:2      | Reached XP level 3. HP: 29/29 MP: 3/3
   728 | D:2      | Reached ** piety under Trog
   866 | D:2      | Noticed Natasha
   873 | D:2      | Killed Natasha
   873 | D:2      | Reached skill level 1 in Stealth
   873 | D:2      | Gained mutation: You have sharp fingernails. [demonic ancestry]
   873 | D:2      | Reached XP level 4. HP: 34/36 MP: 4/4
   945 | D:2      | Noticed Natasha
   961 | D:2      | Killed Natasha
  1380 | D:2      | Found a glowing silver altar of Zin.
  1381 | D:2      | Found an opulent altar of Gozag.
  1675 | D:3      | Found a blossoming altar of Fedhas.
  1871 | D:3      | Gained mutation: You are slightly more attuned to the shadows. [demonic ancestry]
  1871 | D:3      | Reached XP level 5. HP: 35/42 MP: 5/5
  2117 | D:3      | Reached *** piety under Trog
  2414 | D:4      | Found a shattered altar of Ashenzari.
  2443 | D:4      | Noticed Pikel
  2443 | D:4      | Noticed a slave
  2443 | D:4      | Noticed a slave
  2513 | D:4      | Killed Pikel
  2513 | D:4      | Reached skill level 4 in Fighting
  2513 | D:4      | Gained mutation: You are mostly covered in icy blue scales (AC +3, EV -1). [demonic ancestry]
  2513 | D:4      | Reached XP level 6. HP: 47/49 MP: 6/6
  2513 | D:4      | Reached XP level 7. HP: 52/55 MP: 7/7
  2526 | D:4      | Noticed a freed slave
  2539 | D:4      | Noticed a freed slave
  2552 | D:4      | Noticed Robin
  2578 | D:4      | Killed Robin
  2842 | D:4      | Found a staircase to the Ecumenical Temple.
  3079 | D:4      | Noticed an ogre
  3087 | D:4      | Killed an ogre
  4424 | D:5      | Entered Level 5 of the Dungeon
  4511 | D:5      | Reached **** piety under Trog
  4778 | D:5      | Found a glowing golden altar of the Shining One.
  4812 | D:5      | Gained mutation: You are completely covered in icy blue scales (AC +4, EV -1, rC+). [demonic ancestry]
  4812 | D:5      | Reached XP level 8. HP: 59/61 MP: 8/8
  4814 | D:5      | Reached skill level 5 in Polearms
  5129 | D:5      | Found a sand-covered staircase.
  5140 | Ossuary  | Entered an ossuary
  5283 | Ossuary  | Reached skill level 5 in Armour
  6187 | D:5      | Reached skill level 5 in Fighting
  6689 | D:5      | Reached skill level 5 in Dodging
  7516 | D:5      | Noticed Crazy Yiuf
  7541 | D:5      | Killed Crazy Yiuf
  7708 | D:6      | Reached skill level 6 in Armour
  7725 | D:6      | Gained mutation: A demonic guardian rushes to your aid. [demonic ancestry]
  7725 | D:6      | Reached XP level 9. HP: 58/68 MP: 9/9
  7993 | D:6      | Got an encrusted dagger
  7997 | D:6      | Identified the cursed +1 dagger of the Dungeon {drain, rC+++} (You found it on level 6 of the Dungeon)
  8798 | D:7      | Gained mutation: Your mind is acute. (Int +2) [potion of beneficial mutation]
  8808 | D:7      | Gained mutation: You have sharp toenails. [potion of mutation]
  8808 | D:7      | Gained mutation: You have an increased reservoir of magic (+10% MP). [potion of mutation]
  8808 | D:7      | Gained mutation: Your flesh is heat resistant. [potion of mutation]
  9057 | D:7      | Got a translucent spear
  9058 | D:7      | Identified the +5 spear "Wihiniosh" {flame, Int+9} (You found it on level 7 of the Dungeon)
  9083 | D:7      | Found a shadowy altar of Dithmenos.
  9162 | D:7      | Noticed Duvessa
  9162 | D:7      | Noticed Dowan
  9168 | D:7      | Killed Duvessa
  9169 | D:7      | Killed Dowan
  9169 | D:7      | Reached skill level 7 in Armour
  9562 | D:7      | Reached ***** piety under Trog
  9919 | D:8      | Gained mutation: You passively map a small area around you. [mutagenic meat]
  9920 | D:8      | Gained mutation: You have razor-sharp toenails. [mutagenic meat]
  9921 | D:8      | Gained mutation: You passively map the area around you. [mutagenic meat]
  9922 | D:8      | Gained mutation: You have a pair of small horns on your head. [mutagenic meat]
 10626 | D:9      | Reached XP level 10. HP: 48/77 MP: 11/11
 10690 | D:9      | Found a shadowy altar of Dithmenos.
 10710 | D:9      | Lost mutation: You have razor-sharp toenails. [mutagenic meat]
 10711 | D:9      | Lost mutation: You have sharp toenails. [mutagenic meat]
 10781 | D:9      | Reached skill level 8 in Armour
 10796 | D:9      | Found Tuizaist's General Store.
 10807 | D:9      | Bought a plain deck of defence for 210 gold pieces
 10807 | D:9      | Bought a meat ration for 75 gold pieces
 10807 | D:9      | Bought a slice of pizza for 22 gold pieces
 11165 | D:9      | Found a radiant altar of Vehumet.
 11166 | D:9      | Found a white marble altar of Elyvilon.
 11400 | D:10     | Entered Level 10 of the Dungeon
 11481 | D:10     | Noticed a hill giant
 11486 | D:10     | Killed a hill giant
 11765 | D:10     | Noticed a hill giant
 11772 | D:10     | Killed a hill giant
 11923 | D:10     | Reached skill level 9 in Polearms
 12217 | D:10     | Found a staircase to the Lair.
 12305 | D:10     | Reached XP level 11. HP: 86/86 MP: 12/12
 12527 | D:10     | Noticed a hill giant
 12549 | D:10     | Killed a hill giant
 12798 | D:10     | Received a gift from Trog
 12800 | D:10     | Got a slimy longbow {god gift}
 12801 | D:10     | Identified the +6 longbow of the Equinox {speed, rPois} (Trog gifted it to you on level 10 of the Dungeon)
 12843 | D:10     | Found a staircase to the Orcish Mines.
 12915 | D:10     | Found Vuffasch's Antique Weapon Emporium.
 13021 | D:10     | Noticed a tengu warrior
 13030 | D:10     | Killed a tengu warrior
 13269 | D:11     | Gained mutation: You are resistant to hostile enchantments. [mutagenic meat]
 13270 | D:11     | Lost mutation: You have a pair of small horns on your head. [mutagenic meat]
 13539 | D:11     | Noticed a seven-headed hydra
 13546 | D:11     | Killed a seven-headed hydra
 13546 | D:11     | Reached skill level 10 in Polearms
 14059 | D:12     | Noticed a hill giant
 14072 | D:12     | Killed a hill giant
 14089 | D:12     | HP: 1/89 [acid (5)]
 14089 | D:12     | Splashed by a jelly's acid

Action                   |  1- 3 |  4- 6 |  7- 9 | 10-12 || total
-------------------------+-------+-------+-------+-------++-------
Melee: Spear             |   133 |   179 |   957 |   559 ||  1828
Throw: Tomahawk          |       |       |     1 |       ||     1
Invok: Berserk           |     1 |     1 |    12 |     3 ||    17
       Burn Spellbooks   |       |       |     1 |       ||     1
       Trog's Hand       |       |       |     1 |       ||     1
  Use: Scroll            |       |     4 |    14 |     5 ||    23
       Potion            |       |       |    13 |     2 ||    15
 Stab: Sleeping          |     1 |     3 |    12 |       ||    16
       Distracted        |       |       |       |     2 ||     2
  Eat: Chunk             |     1 |       |     9 |    13 ||    23
       Bread ration      |       |     2 |     4 |       ||     6
       Meat ration       |       |       |     2 |     3 ||     5
       Royal jelly       |       |       |     2 |       ||     2
       Pizza             |       |       |     1 |     2 ||     3
